 Dungeon Crawl Stone Soup version 0.19.0-20-gbc5f0c6 (webtiles) character file.

35093 tsouns the Covert (level 14, -5/87 HPs)
             Began as a Halfling Assassin on Nov 16, 2016.
             Was the Champion of Hepliaklqana.
             Slain by a molten gargoyle
             ... wielding a +0 morningstar
              (10 damage)
             ... on level 5 of the Lair of Beasts.
             The game lasted 01:05:27 (16128 turns).

tsouns the Covert (Halfling Assassin)              Turns: 16128, Time: 01:05:28

Health: -5/87      AC: 19    Str: 13    XL:     14   Next: 16%
Magic:  19/19      EV: 21    Int: 13    God:    Hepliaklqana [******]
Gold:   895        SH:  7    Dex: 20    Spells: 5 memorised, 1 level left

rFire  . . .     SeeInvis .     x - +6 dagger (venom)
rCold  . . .     Gourm    +     L - +5 ring mail of Autumn {Int+4}
rNeg   . . .     Faith    .     l - +0 buckler
rPois  .         Spirit   .     i - +2 helmet
rElec  .         Reflect  .     k - +2 cloak
rCorr  .         Harm     .     h - +1 pair of gloves
MR     +....                    (no boots)
Stlth  +++++++...               M - amulet of the gourmand
                                c - ring of stealth
                                Z - ring of stealth

@: no status effects
A: reduced essence, mutation resistance 1
a: Recall Ancestor, Ancestor Identity, Transference, Idealise, Renounce Religion


You were on level 5 of the Lair of Beasts.
You worshipped Hepliaklqana.
Hepliaklqana was exalted by your worship.
You were very full.

You visited 2 branches of the dungeon, and saw 17 of its levels.

You collected 1045 gold pieces.
You spent 150 gold pieces at shops.

Inventory:

Hand Weapons
 x - a +6 dagger of venom (weapon)
 G - a +3 blowgun
 T - a +0 short sword of speed
Missiles
 e - 66 poisoned needles
 f - 3 curare-tipped needles
 U - a throwing net (quivered)
 W - 7 tomahawks
Armour
 h - a +1 pair of gloves (worn)
 i - a +2 helmet (worn)
 k - a +2 cloak (worn)
 l - a +0 buckler (worn)
 L - the +5 ring mail of Autumn (worn) {Int+4}
   (You found it on level 7 of the Dungeon)

   It affects your intelligence (+4).
Rods
 O - a +5 rod of ignition (16/16)
   (You found it on level 7 of the Dungeon)
Jewellery
 c - a ring of stealth (right hand)
 J - an uncursed ring of protection from cold
 M - an amulet of the gourmand (around neck)
 Z - a ring of stealth (left hand)
Wands
 j - a wand of digging (12/24)
 o - a wand of acid (8/15)
 q - a wand of disintegration (17/24)
 r - a wand of paralysis (3/24)
 t - a wand of acid (10/15)
 C - a wand of paralysis (19/24)
 R - a wand of slowing (23/48)
 S - a wand of polymorph (6/24)
Scrolls
 a - a scroll of enchant weapon
 d - a scroll of vulnerability
 m - 5 scrolls of magic mapping
 s - 7 scrolls of identify
 y - a scroll of blinking
 Q - 6 scrolls of teleportation
 V - 3 scrolls of fear
 Y - 4 scrolls of remove curse
Potions
 b - 5 potions of haste
 n - 3 potions of agility
 p - 5 potions of curing
 u - 6 potions of might
 v - 5 potions of cancellation
 z - a potion of berserk rage
 A - 4 potions of lignification
 B - 2 potions of brilliance
 E - a potion of cure mutation
 K - 2 potions of flight
 P - a potion of resistance
Comestibles
 g - 9 bread rations
 w - 16 fruits
 D - 12 royal jellies
 H - 8 meat rations
 X - a slice of pizza


   Skills:
 - Level 9.1 Fighting
 - Level 11.0 Short Blades
 - Level 3.8 Throwing
 + Level 4.7 Armour
 - Level 10.6 Dodging
 - Level 13.4 Stealth
 + Level 4.3 Shields
 * Level 2.7 Spellcasting
 * Level 3.4 Hexes
 - Level 7.0 Invocations
 - Level 6.0 Evocations


You had one spell level left.
You knew the following spells:

 Your Spells              Type           Power        Failure   Level  Hunger
a - Dazzling Spray        Conj/Hex       #.....       86%         3    ###....
b - Passwall              Tmut/Erth      #.........   83%         2    ###....
c - Invisibility          Hex            ##......     100%        6    #######
d - Swiftness             Chrm/Air       #.......     83%         2    ###....
e - Passage of Golubria   Tloc           N/A          100%        4    #####..


Dungeon Overview and Level Annotations

Branches:
Dungeon (11/15)            Temple (0/1) D:4            Lair (6/6) D:10
  Swamp (0/4) Lair:2       Spider (0/4) Lair:2        Slime (0/5) Lair:6
    Orc: D:9-12

Altars:
Hepliaklqana
Nemelex Xobeh
Sif Muna
Uskayaw
Vehumet
Yredelemnul
Zin
The Shining One
Jiyva

Shops:
D:4 %   D:10 !


Innate Abilities, Weirdness & Mutations

You are small and have problems with some larger weapons.
You are somewhat resistant to further mutation.
Your life essence is reduced. (-10% HP)


Message History

The molten gargoyle is moderately damaged.
The molten gargoyle completely misses you.
You hit the molten gargoyle but do no damage.
The molten gargoyle is moderately damaged.
Marketa hits the molten gargoyle but does no damage.
You hit the molten gargoyle but do no damage.
The molten gargoyle is moderately damaged.
You completely miss the molten gargoyle.
The molten gargoyle is moderately damaged.
Marketa hits the molten gargoyle but does no damage.
The molten gargoyle hits you with a morningstar!
* * * LOW HITPOINT WARNING * * *
You are engulfed in flames!
* * * LOW HITPOINT WARNING * * *
You feel much better.
Marketa hits the molten gargoyle but does no damage.
The molten gargoyle hits you with a morningstar!
* * * LOW HITPOINT WARNING * * *
You are engulfed in flames!
You die...

...###...#R....#....###..##
....##.<......####...###>.#
.....'..###...##.....##...##
...#.#..###...........#..#.#
...#####.##....####.P#.#.###
...####..#....#####.##...#
..............#..##.##...#
.........................##
................@R........#
.................9).......#
.....†..........)........##
............[............##
.....##.P......##.....#P..#
......#........####'#.#..##
......................#...#
...............P......#...##
.......P........#........#.#


You could see the friendly Marketa the hexer and a molten gargoyle.

Vanquished Creatures
  Snorg (D:10)
  Harold (Lair:1)
  4 hydras
  2 death yaks (Lair:6)
  An unseen horror (D:11)
  A wizard (D:10)
  Pikel (D:8)
  An oklob plant (Lair:4)
  3 ugly things (D:11)
  7 elephants
  3 black mambas
  A torpor snail (Lair:4)
  2 molten gargoyles (Lair:5)
  6 spiny frogs
  5 komodo dragons
  2 trolls (D:11)
  A hornet (D:10)
  13 blink frogs
  8 dream sheep (Lair:5)
  5 hippogriffs
  A wraith (D:10)
  17 yaks
  3 wyverns
  2 basilisks (Lair:6)
  2 hungry ghosts
  A steam dragon (D:11)
  A hell hound (Lair:5)
  Edmund (D:5)
  6 water moccasins
  Duvessa (D:5)
  2 orc warriors
  7 porcupines
  A black bear (D:11)
  An ice beast (D:10)
  2 sky beasts
  3 centaurs
  3 ogres
  3 phantoms
  10 crocodiles
  The ghost of YrmMerkstave the Gusty, an amateur TeAE (D:3)
  2 big kobolds (D:10)
  5 bullfrogs
  4 scorpions
  4 killer bees
  A water moccasin skeleton (D:7)
  3 electric eels (D:11)
  7 howler monkeys
  2 lava snakes (Lair:6)
  2 crimson imps (D:6)
  A bullfrog zombie (D:11)
  4 centaur zombies
  2 centaur skeletons
  2 hounds
  Crazy Yiuf (D:4)
  2 iguanas
  3 orc priests
  4 orc wizards
  6 jellies
  2 bullfrog skeletons (D:4)
  5 worker ants
  2 hound zombies
  A hound skeleton (D:11)
  Robin (D:4)
  5 gnolls
  12 adders
  2 shadow imps
  7 oozes
  3 adder skeletons
  6 leopard geckos
  19 orcs
  6 bats
  7 giant cockroaches
  9 goblins
  14 hobgoblins
  19 jackals
  5 quokkas
  A ball python (D:1)
  3 frilled lizards
  12 kobolds
  5 rats
  A fungus (D:4)
338 creatures vanquished.

Vanquished Creatures (collateral kills)
  2 elephants (Lair:5)
  2 spiny frogs
  A komodo dragon (Lair:5)
  A polar bear (Lair:3)
  5 dream sheep (Lair:5)
  Sigmund (D:4)
  A steam dragon (Lair:6)
  A water moccasin (Lair:2)
  An eye of draining (D:11)
  A black bear (D:10)
  An orc warrior (D:6)
  A phantom (D:4)
  2 crocodiles
  A bullfrog (D:4)
  Dowan (D:5)
  A killer bee (D:7)
  An electric eel (Lair:2)
  A bullfrog zombie (D:5)
  2 jellies
  An orc wizard (D:10)
  2 orc priests
  A bullfrog skeleton (D:7)
  A worker ant (D:8)
  3 gnolls
  An ooze (Lair:6)
  A worm (D:3)
  A leopard gecko (D:3)
  2 orcs
  A giant cockroach (D:3)
  3 hobgoblins
  A jackal (D:9)
  A ball python (D:3)
  3 goblins (D:4)
  A rat (D:3)
  2 fungi
  A plant (Lair:3)
53 creatures vanquished.

Vanquished Creatures (others)
  A bullfrog zombie (D:8)
  12 hexers
  3 ancestors
  3 fungi (Lair:6)
  A plant (Lair:6)
20 creatures vanquished.

Grand Total: 411 creatures vanquished

Notes
Turn   | Place    | Note
-------+----------+-------------------------------------------
     0 | D:1      | tsouns the Halfling Assassin began the quest for the Orb.
     0 | D:1      | Reached XP level 1. HP: 14/14 MP: 1/1
    27 | D:1      | Reached XP level 2. HP: 6/19 MP: 2/2
   644 | D:1      | Reached XP level 3. HP: 23/24 MP: 3/3
  1076 | D:2      | Found a hazy altar of Hepliaklqana.
  1077 | D:2      | Found a sparkling altar of Nemelex Xobeh.
  1081 | D:2      | Became a worshipper of Hepliaklqana the Forgotten
  1138 | D:2      | Found a deep blue altar of Sif Muna.
  1305 | D:2      | Reached XP level 4. HP: 21/26 MP: 4/4
  1475 | D:3      | Found a radiant altar of Vehumet.
  1572 | D:3      | Noticed a phantom
  1811 | D:3      | Killed a phantom
  1811 | D:3      | Reached skill level 5 in Stealth
  1811 | D:3      | Reached XP level 5. HP: 30/31 MP: 5/5
  2200 | D:3      | Noticed YrmMerkstave's ghost (amateur TeAE)
  2295 | D:3      | Killed YrmMerkstave's ghost
  2295 | D:3      | Reached skill level 5 in Short Blades
  2295 | D:3      | Reached XP level 6. HP: 31/36 MP: 6/6
  2297 | D:3      | Found a basalt altar of Yredelemnul.
  2590 | D:4      | Noticed Robin
  2609 | D:4      | Killed Robin
  2640 | D:4      | Found a glowing golden altar of the Shining One.
  2671 | D:4      | Reached * piety under Hepliaklqana
  2756 | D:4      | Found Qareto's Food Emporium.
  2781 | D:4      | Reached XP level 7. HP: 39/41 MP: 7/7
  2838 | D:4      | Found a staircase to the Ecumenical Temple.
  2927 | D:4      | Reached skill level 6 in Stealth
  2938 | D:4      | Noticed Sigmund
  3427 | D:4      | Killed Sigmund
  3498 | D:4      | Reached XP level 8. HP: 46/48 MP: 8/8
  3670 | D:4      | Found a runed door.
  3675 | D:4      | Noticed Crazy Yiuf
  3683 | D:4      | Killed Crazy Yiuf
  3748 | D:5      | Entered Level 5 of the Dungeon
  3808 | D:5      | Noticed Edmund
  3868 | D:5      | Killed Edmund
  3996 | D:5      | Noticed Duvessa
  3996 | D:5      | Noticed Dowan
  3999 | D:5      | Killed Duvessa
  4019 | D:5      | Killed Dowan
  4122 | D:5      | Reached skill level 7 in Stealth
  4329 | D:5      | Reached ** piety under Hepliaklqana
  4330 | D:5      | Remembered your ancestor Marketa as a hexer
  4665 | D:5      | Reached XP level 9. HP: 47/53 MP: 9/9
  4789 | D:6      | Reached skill level 5 in Dodging
  5008 | D:6      | Reached skill level 5 in Fighting
  5282 | D:6      | Reached skill level 8 in Stealth
  5751 | D:7      | Noticed a hippogriff
  5759 | D:7      | Killed a hippogriff
  5783 | D:7      | Got a translucent ring mail
  5806 | D:6      | Identified the +5 ring mail of Autumn {Int+4} (You found it on level 7 of the Dungeon)
  5847 | D:7      | Noticed a hippogriff
  5857 | D:7      | Killed a hippogriff
  5955 | D:7      | Reached *** piety under Hepliaklqana
  5956 | D:7      | Identified a +3 rod of ignition (14/14) (You found it on level 7 of the Dungeon)
  6240 | D:7      | Reached XP level 10. HP: 44/59 MP: 10/10
  6281 | D:7      | Reached skill level 10 in Short Blades
  6506 | D:8      | Noticed Pikel
  6527 | D:8      | Killed Pikel
  6527 | D:8      | Reached skill level 9 in Stealth
  6850 | D:8      | Found a glowing silver altar of Zin.
  6882 | D:8      | Noticed a dagger
  6883 | D:8      | Noticed a hand axe
  6889 | D:8      | Found a hide-covered altar of Uskayaw.
  7007 | D:9      | Reached **** piety under Hepliaklqana
  7589 | D:10     | Entered Level 10 of the Dungeon
  7617 | D:10     | Found Amixuwno's Distillery.
  7628 | D:10     | Bought a potion of degeneration for 10 gold pieces
  7628 | D:10     | Bought a potion of invisibility for 80 gold pieces
  7628 | D:10     | Bought a potion of curing for 30 gold pieces
  7628 | D:10     | Bought a potion of curing for 30 gold pieces
  7801 | D:10     | Found a staircase to the Lair.
  7832 | D:10     | Noticed a wizard
  7838 | D:10     | Killed a wizard
  7838 | D:10     | Reached skill level 10 in Stealth
  7838 | D:10     | Reached XP level 11. HP: 67/67 MP: 11/11
  8247 | D:10     | Noticed Snorg
  8265 | D:10     | Killed Snorg
  8441 | D:11     | Noticed a brown ugly thing
  8447 | D:11     | Killed a brown ugly thing
  8528 | D:11     | Reached skill level 11 in Stealth
  8597 | D:11     | Identified a scroll of acquirement
  8598 | D:11     | Got a dazzling dagger
  8599 | D:11     | Identified the +12 dagger "Saguf" {antimagic, Fragile rC++ Str+4 SInv} (You acquired it on level 11 of the Dungeon)
  8658 | D:11     | Noticed a purple ugly thing
  8662 | D:11     | Killed a purple ugly thing
  9166 | D:11     | Noticed a cyan ugly thing
  9176 | D:11     | Noticed an unseen horror
  9462 | D:11     | Killed an unseen horror
  9504 | D:11     | Killed a cyan ugly thing
  9504 | D:11     | Reached skill level 1 in Invocations
  9504 | D:11     | Reached skill level 1 in Evocations
  9813 | Lair:1   | Entered Level 1 of the Lair of Beasts
  9854 | Lair:1   | Noticed a seven-headed hydra
  9876 | Lair:1   | Reached XP level 12. HP: 48/75 MP: 3/13
  9885 | Lair:1   | Killed a seven-headed hydra
  9888 | Lair:1   | Reached skill level 12 in Stealth
 10596 | Lair:1   | Noticed Harold
 10618 | Lair:1   | Killed Harold
 10618 | Lair:1   | Reached skill level 5 in Invocations
 10684 | Lair:1   | Reached ***** piety under Hepliaklqana
 11201 | Lair:2   | Found a hole to the Spider Nest.
 11411 | Lair:2   | Found a staircase to the Swamp.
 11798 | Lair:3   | Reached skill level 13 in Stealth
 11798 | Lair:3   | Reached skill level 5 in Evocations
 12091 | Lair:3   | Reached skill level 10 in Dodging
 12215 | Lair:3   | Reached XP level 13. HP: 62/80 MP: 17/17
 12417 | Lair:3   | Reached skill level 1 in Shields
 12511 | Lair:3   | Reached skill level 1 in Armour
 12777 | Lair:4   | Got a distressingly furry plate armour
 12788 | Lair:4   | Identified the +9 plate armour "Magoa" {rF++} (You acquired it on level 4 of the Lair of Beasts)
 12981 | Lair:4   | Noticed a five-headed hydra
 12990 | Lair:4   | Killed a five-headed hydra
 13257 | Lair:4   | Reached ****** piety under Hepliaklqana
 13656 | Lair:4   | Learned a level 3 spell: Dazzling Spray
 14044 | Lair:5   | Noticed a five-headed hydra
 14053 | Lair:5   | Killed a five-headed hydra
 14507 | Lair:6   | Entered Level 6 of the Lair of Beasts
 14536 | Lair:6   | Learned a level 2 spell: Passwall
 14543 | Lair:6   | Learned a level 6 spell: Invisibility
 14548 | Lair:6   | Noticed an eight-headed hydra
 14598 | Lair:6   | Killed an eight-headed hydra
 14598 | Lair:6   | Reached skill level 1 in Hexes
 14660 | Lair:6   | Reached skill level 1 in Spellcasting
 15012 | Lair:5   | Reached XP level 14. HP: 30/87 MP: 19/19
 15039 | Lair:5   | Learned a level 2 spell: Swiftness
 15044 | Lair:5   | Learned a level 4 spell: Passage of Golubria
 15366 | Lair:6   | Found a runed door.
 15366 | Lair:6   | Found a viscous altar of Jiyva.
 15366 | Lair:6   | Found a staircase to the Slime Pits.
 16127 | Lair:5   | HP: 3/87 [molten gargoyle/morningstar (11)]
 16128 | Lair:5   | Slain by a molten gargoyle

Skill      XL: |  1  2  3  4  5  6  7  8  9 10 11 12 13 14 |
---------------+-------------------------------------------+-----
Short Blades   | 3 4 5 6 8 9 11 | 11.0
Fighting       | 2 3 4 5 7 8 9 |  9.1
Dodging        | 2 3 4 6 8 9 10 | 10.6
Stealth        | 5 6 7 8 10 11 13 | 13.4
Invocations    | 1 5 7 |  7.0
Evocations     | 1 5 6 |  6.0
Shields        | 3 4 |  4.3
Armour         | 4 |  4.7
Throwing       | 3 |  3.8
Hexes          | 2 3 |  3.4
Spellcasting   | 2 |  2.7

Action                   |  1- 3 |  4- 6 |  7- 9 | 10-12 | 13-15 || total
-------------------------+-------+-------+-------+-------+-------++-------
Melee: Dagger            |   105 |   136 |   261 |   584 |   450 ||  1536
 Fire: Blowgun           |       |       |    30 |    10 |       ||    40
Throw: Stone             |       |     4 |     3 |     1 |       ||     8
Invok: Ancestor Life: He |       |       |     1 |       |       ||     1
       Ancestor Identity |       |       |     1 |       |       ||     1
       Transference      |       |       |       |       |     1 ||     1
Evoke: Wand              |       |     4 |       |     1 |     1 ||     6
       Rod               |       |       |       |       |     2 ||     2
  Use: Scroll            |       |    12 |     6 |    12 |     9 ||    39
       Potion            |       |       |       |     1 |     2 ||     3
 Stab: Sleeping          |    10 |     5 |    27 |    25 |    11 ||    78
       Confused          |       |       |     3 |    11 |     6 ||    20
       Distracted        |       |       |     3 |     5 |     8 ||    16
       Invisible         |       |       |       |     5 |       ||     5
       Paralysed         |       |       |       |     1 |     1 ||     2
  Eat: Chunk             |     1 |     5 |     8 |    13 |    16 ||    43
       Beef jerky        |       |       |     1 |     5 |       ||     6
       Pizza             |       |       |     1 |     2 |       ||     3
       Fruit             |       |       |       |     1 |       ||     1
Armor: Robe              |    14 |    16 |    29 |       |       ||    59
       Ring mail         |       |       |     8 |    81 |    55 ||   144
Dodge: Dodged            |    56 |    54 |   121 |   289 |   217 ||   737
Block: Buckler           |       |       |       |       |    38 ||    38
       Shield            |       |       |       |       |     3 ||     3
